 Dungeon Crawl Stone Soup version 0.31.0-11-ge490571c62 (webtiles) character file.

Game seed: 5230315981416086803

22 qw the Shooter (level 2, 0/16 HPs)
             Began as a Deep Elf Hunter on Feb 3, 2024.
             Slain by a ribbon worm (6 damage)
             ... on level 2 of the Dungeon.
             The game lasted 00:00:02 (771 turns).

qw the Shooter (Deep Elf Hunter)                     Turns: 771, Time: 00:00:02

Health: 0/16       AC:  3    Str:  8    XL:     2   Next: 68%
Magic:  4/4        EV: 12    Int: 13    God:
Gold:   16         SH:  0    Dex: 18    Spells: 1/1 levels left

rFire   . . .        a - +0 shortbow
rCold   . . .        (shield currently unavailable)
rNeg    . . .        c - +0 leather armour
rPois   .            (no helmet)
rElec   .            (no cloak)
rCorr   .            (no gloves)
SInv    .            (no boots)
Will    .....        (no amulet)
Stlth   ++           (no ring)
HPRegen 0.22/turn    (no ring)
MPRegen 0.09/turn

%: no passive effects
@: no status effects
A: no striking features
a: no special abilities


You were on level 2 of the Dungeon.
You visited 1 branch of the dungeon, and saw 2 of its levels.

You collected 60 gold pieces.
You spent 44 gold pieces at shops.


   Skills:
 - Level 1.5 Fighting
 + Level 6.4 Ranged Weapons
 - Level 2.4 Dodging
 - Level 1.2 Stealth


You had one spell level left.
You didn't know any spells.
Your spell library was empty.

Inventory:

Hand Weapons
 a - a +0 shortbow (weapon)
Armour
 c - a +0 leather armour (worn)
Scrolls
 f - 3 scrolls of identify

Dungeon Overview and Level Annotations

Branches:
Dungeon (2/15)

Altars:

Shops:
D:1 ?


Message History

The arrow barely misses the ribbon worm.
You shoot an arrow.
The arrow barely misses the ribbon worm.
You shoot an arrow.
The arrow barely misses the ribbon worm.
You shoot an arrow. The arrow hits the ribbon worm!
The ribbon worm is heavily wounded.
The goblin shouts!
You shoot an arrow.
The arrow barely misses the ribbon worm.
You shoot an arrow. The arrow hits the ribbon worm.
The ribbon worm is severely wounded.
You shoot an arrow.
The arrow completely misses the ribbon worm.
The arrow closely misses the goblin.
The ribbon worm expels a string of sticky webbing.
The stream of webbing hits you but does no damage.
You are caught in a web!
You struggle to detach yourself from the web.
The ribbon worm bites you.
You struggle to detach yourself from the web.
The goblin completely misses you. The ribbon worm bites you.
You struggle to detach yourself from the web.
The goblin hits you with a +0 dagger. The ribbon worm barely misses you.
The web tears apart.
The goblin barely misses you.
You shoot an arrow.
The arrow barely misses the ribbon worm.
The ribbon worm expels a string of sticky webbing.
The stream of webbing hits you but does no damage.
You are caught in a web!
The goblin hits you with a +0 dagger.
You struggle to detach yourself from the web.
The ribbon worm expels a string of sticky webbing.
The stream of webbing hits you but does no damage.
You are even more entangled.
The goblin hits you but does no damage.
A kobold comes into view. It is wielding a +0 club.
The web tears apart.
The kobold shouts!
The goblin hits you but does no damage. The ribbon worm bites you.
You die...

#............#......#
#............#..>...##..
#..........# .......#<#
##...#<...###.........#
#####......##.........
#####..##.........
#...............K.
#.....%............
##...##.##.@w...... ###.
#.##..g...... ..
............. ..
...######.?.## ........
.#... .###. # .. .


You could see a ribbon worm (catching breath), a goblin and a kobold.

Vanquished Creatures
  2 bats (D:1)
  3 endoplasms
  2 goblins (D:1)
  A hobgoblin (D:2)
  A kobold (D:2)
  3 quokkas
  A ball python (D:1)
  3 frilled lizards
  5 rats (D:1)
21 creatures vanquished.

Notes
Turn   | Place    | Note
-------+----------+-------------------------------------------
     0 | D:1      | qw the Deep Elf Hunter began the quest for the Orb.
     0 | D:1      | Reached XP level 1. HP: 12/12 MP: 3/3
     0 | D:1      | 0 ||| qw: Version: 0.3-a-157-g843a77d
     0 | D:1      | 0 ||| qw: Game counter: 3589
     0 | D:1      | 0 ||| qw: Melee chars always use a shield: true
     0 | D:1      | 0 ||| qw: God list: Okawaru
     0 | D:1      | 0 ||| qw: Allow faded altars: false
     0 | D:1      | 0 ||| qw: Do Orc after clearing Dungeon:15 true
     0 | D:1      | 0 ||| qw: Do second Lair branch before Depths: true
     0 | D:1      | 0 ||| qw: Lair rune preference: random
     0 | D:1      | 0 ||| qw: Goals: Normal
     0 | D:1      | 0 ||| PLANNING D:1-11
    86 | D:1      | Reached XP level 2. HP: 16/16 MP: 4/4
    89 | D:1      | Found a faded altar of an unknown god.
    92 | D:1      | Reached skill level 6 in Ranged Weapons
   381 | D:1      | Found Hyf Joux's Magic Scroll Shop.
   390 | D:1      | 390 ||| BUYING 2 scrolls of identify (44 gold).
   390 | D:1      | Bought 2 scrolls of identify for 44 gold pieces
   390 | D:1      | 390 ||| SHOPLISTING scroll of enchant armour (82 gold, have
                  | 8).
   390 | D:1      | 390 ||| SHOPLISTING scroll of identify (22 gold, have 8).
   390 | D:1      | 390 ||| SHOPLISTING scroll of teleportation (33 gold, have
                  | 8).
   716 | D:1      | 716 ||| DROPPING amulet of magic regeneration.
   717 | D:1      | 717 ||| READING 4 scrolls of identify.
   717 | D:1      | 717 ||| IDENTIFYING amethyst potion
   718 | D:1      | 718 ||| DROPPING scroll of butterflies.
   719 | D:1      | 719 ||| DROPPING potion of degeneration.
   771 | D:2      | Slain by a ribbon worm

Levels and vault maps discovered:
D:1:      dpeg_arrival_rooms_a, layout_basic, basic_ecumenical_altar,
          serial_shops, shop
D:2:      layout_rooms, serial_park_tiny_pond

Skill      XL: |  1  2 |
---------------+-------+-----
Ranged Weapons | 6 |  6.4
Fighting       | |  1.5
Dodging        | |  2.4
Stealth        | |  1.2

Action                     || total
---------------------------++-------
   Fire: Shortbow          ||    57
    Use: Scroll            ||     1
 Armour: Leather armour    ||    17
  Dodge: Dodged            ||     8

Table legend:
 A = Non-vault XP
 B = Vault XP
 C = Vault XP percentage of total XP
 D = Non-vault monster count
 E = Vault monster count
 F = Vault count percentage of total count
                 A         B        C        D         E       F
            +---------+---------+-------+---------+---------+-------
      Total |      32 |       0 |   0.0 |      21 |       0 |   0.0
            +---------+---------+-------+---------+---------+-------
        D:1 |      23 |       0 |   0.0 |      16 |       0 |   0.0
        D:2 |       9 |       0 |   0.0 |       5 |       0 |   0.0
            +---------+---------+-------+---------+---------+-------
